 Dungeon Crawl Stone Soup version 0.25.1-2-g60ff931df9 (webtiles) character file.

Game seed: 14086526655550401639

436 Curus the Twirler (level 6, 0/44 HPs)
             Began as a Demonspawn Gladiator on Oct 30, 2020.
             Was an Initiate of Trog.
             Slain by a mummy (12 damage)
             ... in an ossuary.
             The game lasted 00:12:38 (4486 turns).

Curus the Twirler (Demonspawn Gladiator)            Turns: 4486, Time: 00:12:38

Health: 0/44       AC:  6    Str: 15    XL:     6   Next: 69%
Magic:  6/6        EV: 13    Int:  9    God:    Trog [......]
Gold:   89         SH:  0    Dex: 16    Spells: 5/5 levels left

rFire    . . .     SeeInvis .   a - +0 quarterstaff
rCold    . . .     Gourm    .   (shield currently unavailable)
rNeg     . . .     Faith    .   i - +3 leather armour
rPois    .         Spirit   .   (helmet restricted)
rElec    .         Reflect  .   (no cloak)
rCorr    .         Harm     .   (no gloves)
MR       .....                  (no boots)
Stlth    +++.......             (no amulet)
HPRegen  0.14/turn              (no ring)
MPRegen  0.10/turn              (no ring)

@: no status effects
A: antennae 2, nightstalker 2
a: Renounce Religion


You were in an ossuary.
You worshipped Trog.
Trog was noncommittal.
You were hungry.

You visited 1 branch of the dungeon, and saw 4 of its levels.
You also visited: Ossuary.

You collected 89 gold pieces.

Inventory:

Hand Weapons
 a - a +0 quarterstaff (weapon)
Missiles
 d - 3 throwing nets (quivered)
Armour
 b - a +0 leather armour
 c - a +0 helmet
 i - a +3 leather armour (worn)
Wands
 l - a wand of iceblast (5)
Scrolls
 j - 3 scrolls of fog
 k - a scroll of remove curse
Potions
 e - a potion of brilliance
 g - a potion of curing
Comestibles
 f - 4 rations


   Skills:
 - Level 2.0 Fighting
 + Level 7.0 Staves
 - Level 1.7 Throwing
 - Level 2.6 Dodging


You had 5 spell levels left.
You didn't know any spells.
Your spell library contained the following spells:

 Spells                   Type           Power        Failure   Level  Hunger
 Beastly Appendage        Tmut           #.....       45%         1    ##.....
 Sticks to Snakes         Tmut           #.......     58%         2    ###....
 Spider Form              Tmut/Pois      #.........   83%         3    ####...
 Ice Form                 Ice/Tmut       #.......     99%         4    #####..
 Blade Hands              Tmut           #.........   100%        5    ######.


Dungeon Overview and Level Annotations

Branches:
Dungeon (4/15)            Ossuary (1/1)
 Temple: D:4-7

Altars:
Trog


Innate Abilities, Weirdness & Mutations

You have a pair of antennae on your head.
You are significantly more attuned to the shadows.


Message History

You sock the orc zombie!
You destroy the orc zombie!
Trog accepts your kill.
A mummy comes into view.
You sock the gnoll zombie!
The gnoll zombie is severely damaged.
The gnoll zombie misses you.
You thump the gnoll zombie!
You destroy the gnoll zombie!
Trog accepts your kill.
You hit the mummy but do no damage. You sock the mummy!
The mummy is moderately damaged.
The mummy barely misses you.
You sock the mummy!
The mummy is severely damaged.
You hit the mummy.
The mummy is severely damaged.
The mummy hits you!
You die...

...........
#........#
#.....M#
#....#
#....#
#....#
#....#
#..M.#
#..@.#
#....#
#....#
#.∩∩.#
######


You could see a mummy.

Vanquished Creatures
  An elf zombie (D:4)
  2 orc priests (D:3)
  Natasha (thrice) (D:2)
  An iguana (D:4)
  An orc wizard (D:3)
  4 mummies (Ossuary)
  4 adders
  An ooze (D:4)
  A worm (D:3)
  A dart slug (D:4)
  4 leopard geckos
  9 orcs (D:3)
  A ball python (D:1)
  4 bats
  8 giant cockroaches
  2 gnoll zombies (Ossuary)
  7 goblins
  4 hobgoblins
  4 jackals (D:1)
  8 frilled lizards
  2 hobgoblin zombies (Ossuary)
  5 kobolds
  A kobold zombie (Ossuary)
  An orc skeleton (D:4)
  2 orc zombies (Ossuary)
  6 rats
87 creatures vanquished.

Notes
Turn   | Place    | Note
-------+----------+-------------------------------------------
     0 | D:1      | Curus the Demonspawn Gladiator began the quest for the Orb.
     0 | D:1      | Reached XP level 1. HP: 16/16 MP: 1/1
    58 | D:1      | Reached skill level 3 in Staves
    94 | D:1      | Gained mutation: You have a pair of small antennae on your
                  | head. [demonic ancestry]
    94 | D:1      | Reached XP level 2. HP: 12/22 MP: 2/2
  1177 | D:2      | Gained mutation: You are slightly more attuned to the
                  | shadows. [demonic ancestry]
  1177 | D:2      | Reached XP level 3. HP: 20/27 MP: 3/3
  1345 | D:2      | Noticed Natasha
  1355 | D:2      | Killed Natasha
  1355 | D:2      | Reached skill level 4 in Staves
  1623 | D:2      | Noticed Natasha
  1641 | D:2      | Killed Natasha
  1641 | D:2      | Gained mutation: You are significantly more attuned to the
                  | shadows. [demonic ancestry]
  1641 | D:2      | Reached XP level 4. HP: 17/33 MP: 4/4
  1653 | D:2      | Noticed Natasha
  1665 | D:2      | Killed Natasha
  1665 | D:2      | Reached skill level 5 in Staves
  2601 | D:3      | Reached XP level 5. HP: 33/38 MP: 5/5
  3664 | D:3      | Reached skill level 6 in Staves
  3748 | D:2      | Found a bloodstained altar of Trog.
  3753 | D:2      | Became a worshipper of Trog the Wrathful
  3786 | D:3      | Gained mutation: You have a pair of antennae on your head.
                  | [demonic ancestry]
  3786 | D:3      | Reached XP level 6. HP: 44/44 MP: 6/6
  4308 | D:4      | Found a sand-covered staircase.
  4412 | Ossuary  | Entered an ossuary
  4472 | Ossuary  | Reached skill level 7 in Staves
  4486 | Ossuary  | Slain by a mummy

Illustrated notes

Levels and vault maps discovered:
D:1:      psy_arrival_dodecagon, layout_loops_corners
D:2:      lemuel_upstairs_altar, layout_basic, serial_bayou,
          serial_bayou_ford_a, serial_bayou_pond_a, serial_bayou_shore_b,
          serial_bayou_pond_c, feat_on_display, uniq_natasha
D:3:      minmay_skewed_foursquare, layout_basic
D:4:      layout_rooms, first_ration, nicolae_ossuary_entry_catacombs,
          roderic_lattice_a, uniq_eustachio
Ossuary:  ossuary_tomb_3

Skill      XL: |  1  2  3  4  5  6 |
---------------+-------------------+-----
Staves         | 3 4 5 6 7 |  7.0
Fighting       | |  2.0
Throwing       | |  1.7
Dodging        | |  2.6

Action                   |  1- 3 |  4- 6 || total
-------------------------+-------+-------++-------
Melee: Quarterstaff      |   100 |   210 ||   310
Throw: Throwing net      |     1 |     1 ||     2
Evoke: Wand              |       |     1 ||     1
  Use: Potion            |     3 |     1 ||     4
       Scroll            |     1 |     6 ||     7
 Stab: Sleeping          |     1 |     9 ||    10
       Distracted        |       |     2 ||     2
       Held in net/web   |       |     1 ||     1
  Eat: Chunk             |     2 |     9 ||    11
Armor: Leather armour    |    14 |    34 ||    48
Dodge: Dodged            |    41 |   125 ||   166
